 Dungeon Crawl Stone Soup version 0.30.1-11-g7821555f0a (webtiles) character file.

Game seed: 11197841060789991634

10446 NamelessTwo the Destroyer (level 11, -20/72 HPs)
             Began as a Gargoyle Earth Elementalist on Dec 13, 2023.
             Was an Elder of Vehumet.
             Demolished by a boulder beetle (40 damage)
             ... on level 10 of the Dungeon on Dec 22, 2023.
             The game lasted 01:03:55 (12287 turns).

NamelessTwo the Destroyer (GrEE)                   Turns: 12287, Time: 01:03:55

Health: -20/72     AC: 15    Str: 12    XL:     11   Next: 62%
Magic:  15/24      EV: 12    Int: 26    God:    Vehumet [****..]
Gold:   719        SH:  0    Dex: 13    Spells: 22/28 levels left

rFire   . . .        u - +8 rapier of Light {heavy, rPois Int+6 Dex+3 SInv}
rCold   + . .        (no shield)
rNeg    + . .        r - +0 robe {Archmagi}
rPois   ∞            (no helmet)
rElec   +            v - +0 cloak
rCorr   .            (no gloves)
SInv    +            (no boots)
Will    .....        (no amulet)
Stlth   ++           F - +4 ring of protection
HPRegen 0.32/turn    k - ring of protection from cold
MPRegen 0.19/turn

%: archmagi
@: slowed, very slow
A: sickness immunity, AC +8, negative energy resistance 1, electricity
resistance, torment resistance 1, petrification resistance
a: Renounce Religion


You were on level 10 of the Dungeon.
You worshipped Vehumet.
Vehumet was greatly pleased with you.
You visited 2 branches of the dungeon, and saw 11 of its levels.
You also visited: Sewer.

You collected 719 gold pieces.

Inventory:

Hand Weapons
 q - a +1 whip of draining
 u - the +8 rapier of Light (weapon) {heavy, rPois Int+6 Dex+3 SInv}
   (You found it on level 4 of the Dungeon)

   Int:       It affects your intelligence (+6).
   Dex:       It affects your dexterity (+3).
   rPois:     It protects you from poison.
   SInv:      It lets you see invisible.
Missiles
 i - 128 stones
 S - 2 throwing nets
Armour
 j - a +0 leather armour
 p - the +2 scale mail of the Zebra {rPois rF+}
   (You found it on level 3 of the Dungeon)

   rF:        It protects you from fire.
   rPois:     It protects you from poison.
 r - a +0 robe of the Archmagi (worn)
 v - a +0 cloak (worn)
 L - a +0 kite shield
 O - +0 fire dragon scales
Magical Staves
 B - a staff of conjuration
Jewellery
 g - a ring of resist corrosion
 k - a ring of protection from cold (right hand)
 A - a +4 ring of protection
 F - a +4 ring of protection (left hand)
 G - an amulet of reflection
 I - an amulet of guardian spirit
 M - a +4 ring of protection
 N - a ring of fire
 R - a +6 ring of strength
Wands
 o - a wand of iceblast (7)
 s - a wand of quicksilver (17)
 H - a wand of charming (27)
 P - a wand of flame (25)
Scrolls
 a - a scroll of acquirement {unknown}
 f - a scroll of poison
 w - 2 scrolls of identify
 y - 2 scrolls of teleportation
 C - 2 scrolls of vulnerability
 K - 2 scrolls of magic mapping
 Q - a scroll of enchant weapon {unknown}
 U - a scroll of fear
Potions
 b - a potion of magic
 d - a potion of haste {unknown}
 e - 2 potions of curing
 l - 2 potions of flight {unknown}
 m - 2 potions of degeneration
 n - 3 potions of attraction
 t - a potion of cancellation {unknown}
 x - 3 potions of might
 z - 4 potions of brilliance
 D - a potion of experience {unknown}
 E - 3 potions of heal wounds {unknown}
 J - a potion of lignification {unknown}
 T - a potion of resistance {unknown}


   Skills:
 + Level 10.2 Fighting
 - Level 1.7 Dodging
 - Level 2.6 Stealth
 + Level 4.9 Shields
 + Level 9.1 Spellcasting
 - Level 10.6 Conjurations
 - Level 0.7 Transmutations
 - Level 7.2 Earth Magic


You had 22 spell levels left.
You knew the following spells:

 Your Spells              Type           Power      Damage    Failure   Level
a - Sandblast             Erth           100%       2d20      1%          1
b - Stone Arrow           Conj/Erth      100%       3d13      1%          3
c - Blink                 Tloc           34%        N/A       8%          2

Your spell library contained the following spells:

 Spells                   Type           Power      Damage    Failure   Level
 Airstrike                Air            8%         2d(2-18)  13%         4
 Magic Dart               Conj           100%       1d8       1%          1
 Momentum Strike          Conj/Tloc      100%       3d10      1%          2
 Passwall                 Tmut/Erth      40%        N/A       1%          2
 Mephitic Cloud           Conj/Pois/Air  45%        N/A       1%          3
 Sticky Flame             Conj/Fire      56%        2d7       1%          4
 Summon Small Mammal      Summ           68%        N/A       4%          1
 Ignite Poison            Fire/Tmut/Pois 19%        N/A       4%          3
 Irradiate                Conj/Tmut      29%        3d21      4%          5
 Call Imp                 Summ           34%        N/A       8%          2
 Lesser Beckoning         Tloc           34%        N/A       8%          2
 Petrify                  Tmut/Erth      48%        N/A       10%         4
 Call Canine Familiar     Summ           17%        N/A       16%         3
 Summon Guardian Golem    Hex/Summ       17%        N/A       16%         3
 Tukima's Dance           Hex            17%        N/A       16%         3
 Yara's Violent Unravell  Hex/Tmut       10%        3d6       30%         5
 Dispel Undead            Necr           17%        3d10      45%         4
 Passage of Golubria      Tloc           17%        N/A       45%         4
 Death Channel            Necr           8%         N/A       100%        6
 Ignition                 Fire           8%         3d5       100%        8
 Cigotuvi's Dreadful Rot  Necr/Pois/Air  Unusable   N/A       N/A         2
 Sublimation of Blood     Necr           Unusable   N/A       N/A         2

Dungeon Overview and Level Annotations

Branches:
Dungeon (10/15)            Temple (1/1) D:5            Lair (0/5) D:9
  Sewer (visited)
    Orc: D:9-12

Altars:
Ashenzari
Dithmenos
Elyvilon
Fedhas
Gozag
Hepliaklqana
Kikubaaqudgha
Makhleb
Nemelex Xobeh
Okawaru
Qazlal
Ru
Sif Muna
Trog
Uskayaw
Vehumet
Xom
Yredelemnul
Zin
The Shining One

Shops:
D:9 :

Annotations:
D:10 Maurice


Innate Abilities, Weirdness & Mutations

You are immune to sickness and miasma.
Your stone body is resilient. (AC +8)
You are immune to poison.
You resist negative energy. (rN+)
You are resistant to electric shocks. (rElec)
You are resistant to unholy torment.
You are immune to petrification.


Message History

The blast of sand hits the wraith but does no damage.
The wraith is moderately damaged.
The wraith hits you! The wraith drains your vigour!
You feel as though you will be slow longer.
The wraith hits you but does no damage.
Casting: Sandblast (safe; 1% risk of failure)
Confirm with . or Enter, or press ? or * to list all spells.
Aiming: Stone Arrow (safe; 1% risk of failure)
Press: ? - help, Shift-Dir - straight line, f/p - wraith
Aim: a wraith (moderately damaged, 78% to hit)
You feel a surge of power!
The stone arrow hits the wraith!
The wraith is heavily damaged.
The wraith hits you. The wraith drains your vigour!
You feel as though you will be slow longer.
Casting: Stone Arrow (safe; 1% risk of failure)
Confirm with . or Enter, or press ? or * to list all spells.
Aiming: Stone Arrow (safe; 1% risk of failure)
Press: ? - help, Shift-Dir - straight line, f/p - wraith
Aim: a wraith (heavily damaged, 78% to hit)
You feel a surge of power!
The stone arrow misses the wraith.
The wraith hits you. The wraith hits you but does no damage.
Casting: Stone Arrow (safe; 1% risk of failure)
Confirm with . or Enter, or press ? or * to list all spells.
Aiming: Stone Arrow (safe; 1% risk of failure)
Press: ? - help, Shift-Dir - straight line, f/p - wraith
Aim: a wraith (heavily damaged, 78% to hit)
You feel a surge of power!
The stone arrow hits the wraith!!
You destroy the wraith!
Vehumet accepts your kill.
You feel your power returning.
The boulder beetle curls into a ball and begins rolling!
The boulder beetle attacks as you move away!
The boulder beetle hits you!!
* * * LOW HITPOINT WARNING * * *
The boulder beetle stops rolling and uncurls.
The boulder beetle curls into a ball and begins rolling!
The boulder beetle attacks as you move away!
The boulder beetle hits you!!!
Ouch! That really hurt!
You die...

.#### #......§~~~~~~§§..# ... .#
#.....§≈§.#..§~§#.# ... .#
#...#≈~~...#..~≈?.##... .#
#....≈~..###..~≈....... .#
#...°≈~..#...~†≈......#
.##########....≈§~..#.§≈≈#.....##
..............°#§~~~~~~§#.....###
####...........B#§≈≈≈≈≈#.....###.
...'.........#..@...........###.#
...#...>.....#..............##..#
...#.....#'###......##......#....
...#.....#. .........#........#..
...#.....# ..........#......#....
...#.....#...........#......##..#
...#.....######......#......###.#
#'##..........#......#.......###.
.........)....#......#........###


You could see a boulder beetle (rolling).

Vanquished Creatures
  3 two-headed ogres (D:8)
  A cyclops (D:8)
  An elephant (D:10)
  A smoke demon (D:10)
  An efreet (D:10)
  3 wraiths
  4 yaks (D:9)
  2 fire bats (D:10)
  A wyvern (D:9)
  A fire elemental (D:10)
  A basilisk (D:9)
  2 vampire mosquitoes (D:10)
  Menkaure (D:7)
  3 steam dragons
  2 water moccasins (D:7)
  2 ice beasts
  6 sky beasts
  2 black bears
  An orc warrior (D:10)
  An ogre (D:4)
  4 centaurs
  3 phantoms
  3 kobold brigands
  5 gnoll sergeants
  3 scorpions
  2 bullfrogs
  15 wights
  4 killer bees (D:8)
  4 howler monkeys
  3 gnoll boudas
  4 hounds
  2 jellies
  Crazy Yiuf (D:4)
  5 orc priests
  9 orc wizards
  2 iguanas
  25 gnolls
  13 adders
  4 river rats (Sewer)
  A shadow imp (D:7)
  3 white imps
  2 ufetubi (D:5)
  4 worms
  21 orcs
  6 bats
  9 endoplasms
  6 giant cockroaches
  4 goblins
  3 hobgoblins
  21 kobolds
  4 quokkas
  7 ball pythons
  3 frilled lizards
  9 rats
253 creatures vanquished.

Notes
Turn   | Place    | Note
-------+----------+-------------------------------------------
     0 | D:1      | NamelessTwo the Gargoyle Earth Elementalist began the quest
                  | for the Orb.
     0 | D:1      | Reached XP level 1. HP: 10/10 MP: 3/3
   149 | D:1      | Reached XP level 2. HP: 15/15 MP: 1/5
   722 | D:1      | Reached XP level 3. HP: 19/19 MP: 3/6
  1119 | D:2      | Found a faded altar of an unknown god.
  1195 | D:2      | Reached XP level 4. HP: 23/24 MP: 2/8
  1699 | D:2      | Reached skill level 5 in Earth Magic
  2006 | D:3      | Identified the +2 scale mail of the Zebra {rPois rF+}
  2307 | D:3      | Reached XP level 5. HP: 28/28 MP: 6/9
  2369 | D:3      | Learned a level 3 spell: Stone Arrow
  3187 | D:4      | Reached XP level 6. HP: 33/33 MP: 7/10
  3259 | D:4      | Identified the +8 rapier of Light {heavy, rPois Int+6 Dex+3
                  | SInv}
  3286 | D:4      | Learned a level 2 spell: Blink
  3314 | D:4      | Found a runed translucent door.
  3315 | D:4      | Noticed Crazy Yiuf
  3320 | D:4      | Killed Crazy Yiuf
  3321 | D:4      | Reached skill level 1 in Fighting
  3378 | D:4      | Reached skill level 1 in Conjurations
  3493 | D:4      | Found a glowing golden altar of the Shining One.
  3523 | D:4      | You fall into a shaft and drop 1 floor!
  3523 | D:5      | Entered Level 5 of the Dungeon
  3613 | D:4      | Noticed an ice beast
  3616 | D:4      | Killed an ice beast
  3617 | D:4      | Reached XP level 7. HP: 40/40 MP: 5/12
  4390 | D:5      | Found a staircase to the Ecumenical Temple.
  4419 | Temple   | Entered the Ecumenical Temple
  4505 | Temple   | Became a worshipper of Vehumet
  4555 | D:5      | Reached XP level 8. HP: 21/48 MP: 2/14
  5311 | D:5      | Reached skill level 5 in Spellcasting
  5401 | D:5      | Reached skill level 5 in Fighting
  5459 | D:6      | Reached skill level 5 in Conjurations
  5618 | D:6      | Found a broken altar of Ashenzari.
  5900 | D:6      | Found a glowing drain.
  5902 | D:6      | Reached * piety under Vehumet
  5902 | D:6      | Offered knowledge of Kiss of Death by Vehumet.
  5913 | Sewer    | Entered a sewer
  6561 | D:6      | Reached XP level 9. HP: 55/55 MP: 15/17
  7681 | D:7      | Reached ** piety under Vehumet
  7808 | D:7      | Noticed Menkaure
  7809 | D:7      | Offered knowledge of Scorch by Vehumet.
  7827 | D:7      | Killed Menkaure
  8399 | D:8      | Noticed a two-headed ogre
  8418 | D:8      | Reached XP level 10. HP: 54/63 MP: 4/20
  8418 | D:8      | Offered knowledge of Dazzling Flash by Vehumet.
  8635 | D:8      | Noticed a two-headed ogre
  8666 | D:8      | Killed a two-headed ogre
  8776 | D:8      | Killed a two-headed ogre
  8918 | D:8      | Noticed a two-headed ogre
  8921 | D:8      | Killed a two-headed ogre
  8922 | D:8      | Reached skill level 10 in Conjurations
  9074 | D:8      | Noticed a cyclops
  9078 | D:8      | Killed a cyclops
  9119 | D:8      | Reached *** piety under Vehumet
  9874 | D:9      | Noticed an elephant
  9874 | D:9      | Found a staircase to the Lair.
  9892 | D:10     | Entered Level 10 of the Dungeon
  9898 | D:10     | Killed an elephant
  9899 | D:10     | Reached skill level 1 in Shields
  9899 | D:10     | Reached XP level 11. HP: 30/71 MP: 17/23
 10423 | D:10     | Identified the +8 demon whip "Xabriru" {flame, rN+ Int-5
                  | Dex+3}
 10721 | D:9      | Offered knowledge of Airstrike by Vehumet.
 10946 | D:9      | Reached skill level 10 in Fighting
 11195 | D:9      | Reached **** piety under Vehumet
 11224 | D:9      | Found Wexypt's Book Emporium.
 12140 | D:10     | Noticed Maurice
 12248 | D:10     | Noticed a boulder beetle
 12287 | D:10     | Demolished by a boulder beetle

Illustrated notes

Levels and vault maps discovered:
D:1:      minmay_arrival_shattered_statue, layout_loops_ring
D:2:      wad_crossroads, layout_rooms, shapermc_ecumenical_altar_mp_highgroup,
          kennysheep_generic_room_10
D:3:      layout_basic, serial_glass, glass_columns_b, glass_columns_b,
          glass_columns_b, feat_on_display, minmay_strange_pillars,
          minmay_strange_pillars, item_on_display_a
D:4:      layout_rooms, mainiacjoe_overflow_concentric_impassable,
          serial_park_tiny_1, st_stairs_3, uniq_crazy_yiuf_cottage
D:5:      layout_rooms, minmay_temple_entry_gardened_gates, nzn_random_ring
D:6:      layout_loops_corners, mainiacjoe_overflow_catwalk,
          cheibrodos_sewer_entry_drain, nicolae_hexahallways
D:7:      layout_rooms, bh_walls_and_bars, uniq_menkaure
D:8:      hangedman_cross_stitches, layout_loops_cross
D:9:      layout_cave_pools, david_lair_generic, serial_shops, shop,
          due_unseen_surprise
D:10:     minmay_firetagon, layout_irregular_city, hangedman_misty_isle,
          uniq_maurice
Temple:   nicolae_temple_bog_church

Skill      XL: |  1  2  3  4  5  6  7  8  9 10 11 |
---------------+----------------------------------+-----
Earth Magic    | 4 5 6 7 |  7.2
Fighting       | 2 3 5 7 9 10 | 10.2
Spellcasting   | 3 4 5 6 8 9 |  9.1
Conjurations   | 2 3 5 8 10 | 10.6
Shields        | 1 4 |  4.9
Dodging        | |  1.7
Stealth        | |  2.6
Transmutations | |  0.7

Action                     |  1- 3 |  4- 6 |  7- 9 | 10-12 || total
---------------------------+-------+-------+-------+-------++-------
  Melee: Short sword       |    10 |       |       |       ||    10
         Rapier            |       |     1 |     9 |     3 ||    13
   Fire: Sling             |       |     3 |       |       ||     3
   Cast: Sandblast         |    34 |    62 |   137 |    81 ||   314
         Stone Arrow       |       |     7 |    40 |    80 ||   127
    Use: Scroll            |     3 |     3 |    11 |       ||    17
         Potion            |       |       |       |     2 ||     2
 Armour: Robe              |    13 |     2 |    17 |    33 ||    65
         Leather armour    |       |     1 |    22 |       ||    23
  Dodge: Dodged            |    21 |     9 |    55 |    27 ||   112
